 Dungeon Crawl Stone Soup version 0.31-a0-152-g6aa68a64a1 (webtiles) character file.

Game seed: 1530983984681118183

221 Anon1729 the Slasher (level 6, -4/53 HPs)
             Began as a Meteoran Monk on June 10, 2023.
             Was a Believer of Uskayaw.
             Slain by an orc
             ... wielding a +0 flail
              (5 damage)
             ... on level 4 of the Dungeon.
             The game lasted 00:04:49 (867 turns).

Anon1729 the Slasher (Meteoran Monk)                 Turns: 867, Time: 00:04:49

Health: -4/53      AC:  3    Str: 14    XL:     6   Next: 42%
Magic:  7/7        EV: 21    Int: 11    God:    Uskayaw [**....]
Gold:   69         SH:  0    Dex: 24    Spells: 5/5 levels left

rFire   . . .        a - +0 falchion
rCold   . . .        d - orb {light}
rNeg    . . .        b - +0 robe
rPois   .            l - +0 helmet
rElec   .            (no cloak)
rCorr   .            (no gloves)
SInv    .            (no boots)
Will    +....        (no amulet)
Stlth   +            m - +5 ring of evasion
HPRegen 0.28/turn    o - +6 ring of dexterity
MPRegen 0.10/turn

%: no passive effects
@: enlightened, flying, glowing
A: sense surroundings 1, otherworldly, glowing, explore regen
a: Renounce Religion, Stomp, Line Pass


You were on level 4 of the Dungeon.
You worshipped Uskayaw.
Uskayaw was noncommittal.
You visited 2 branches of the dungeon, and saw 5 of its levels.

You collected 69 gold pieces.

Inventory:

Hand Weapons
 a - a +0 falchion (weapon)
 h - a +2 rapier of flaming
Armour
 b - a +0 robe (worn)
 d - an orb of light (worn)
 l - a +0 helmet (worn)
Jewellery
 m - a +5 ring of evasion (left hand)
 o - a +6 ring of dexterity (right hand)
Scrolls
 i - a scroll of magic mapping {unknown}
 j - a scroll of identify {unknown}
Potions
 c - a potion of ambrosia
 e - a potion of haste {unknown}
 f - a potion of heal wounds {unknown}
 g - a potion of enlightenment
 k - a potion of brilliance {unknown}
 n - a potion of degeneration {unknown}


   Skills:
 + Level 4.5 Fighting
 + Level 5.0 Long Blades
 + Level 2.7 Armour
 + Level 5.0 Dodging
 * Level 0.2 Invocations


You had 5 spell levels left.
You didn't know any spells.
Your spell library contained the following spells:

 Spells                   Type           Power      Damage    Failure   Level
 Poisonous Vapours        Pois/Air       0%         N/A       47%         2
 Mephitic Cloud           Conj/Pois/Air  0%         N/A       71%         3
 Freezing Cloud           Conj/Ice/Air   0%         6-21      100%        5


Dungeon Overview and Level Annotations

Branches:
Dungeon (4/15) Zot: 1552   Temple (1/1) D:4 Zot: 573

Altars:
Elyvilon
Fedhas
Hepliaklqana
Kikubaaqudgha
Makhleb
Uskayaw


Innate Abilities, Weirdness & Mutations

You passively map a small area around you.
You are easily found by Zot.
You glow in the dark.
You regain HP and MP as you explore.


Message History

You are frozen.
The orc completely misses you.
The orc priest hits you with a +0 whip of freezing.
The orc priest freezes you. The orc hits you but does no damage.
The endoplasm hits you. The orc closely misses you.
The orc priest mumbles some strange prayers to Beogh against you.
Beogh smites you! The orc misses you.
You hit the orc priest but do no damage.
The orc priest is lightly wounded.
The orc misses you. The orc priest misses you. The orc barely misses you.
The endoplasm closely misses you.
You hit the orc priest.
The orc priest is moderately wounded.
The endoplasm freezes you.
You are frozen.
The orc misses you.
The orc priest hits you with a +0 whip of freezing.
The orc priest freezes you. The orc hits you but does no damage.
You slash the orc priest!
The orc priest is almost dead.
The endoplasm freezes you.
You are frozen.
The orc closely misses you.
The orc priest hits you with a +0 whip of freezing!
The orc priest freezes you.
* * * LOW HITPOINT WARNING * * *
The orc hits you but does no damage.
You can now pass through a line of other dancers.
You hit the orc priest but do no damage.
The orc priest is almost dead.
The endoplasm misses you. The orc misses you.
The orc priest hits you with a +0 whip of freezing!
* * * LOW HITPOINT WARNING * * *
The orc priest freezes you.
* * * LOW HITPOINT WARNING * * *
The orc hits you with a +0 dagger.
* * * LOW HITPOINT WARNING * * *
Okay, then.
It was a potion of enlightenment.
You feel very buoyant.
You fly up into the air.
The endoplasm misses you. The orc hits you with a +0 flail.
You die...

)[..........#.##...## *
..............#.(...## ,
............##.......##.
............##.........
.....................#*
..........####......###.
,
........................,
..........######J.....#
..........# ∩ #@ow...#
..........#* #oo...##
...........#~ *.o..###
..........## ~##.....,
..........# ~ #......,
..........#~ #........
.<........# #........ , ,
#.......... ....#..##
#........., * **


You could see an orc priest, a dart slug, 3 orcs and an endoplasm.

Vanquished Creatures
  A black bear (D:4)
  An orc priest (D:4)
  An adder (D:2)
  5 gnolls
  2 dart slugs
  2 orcs (D:4)
  2 bats
  3 endoplasms
  4 giant cockroaches
  4 goblins
  3 hobgoblins
  4 kobolds
  2 ball pythons
  2 frilled lizards (D:3)
  2 rats
38 creatures vanquished.

Notes
Turn   | Place    | Note
-------+----------+-------------------------------------------
     0 | D:1      | Anon1729 the Meteoran Monk began the quest for the Orb.
     0 | D:1      | Reached XP level 1. HP: 19/19 MP: 2/2
     9 | D:1      | Reached XP level 2. HP: 16/26 MP: 3/3
    97 | D:1      | Reached XP level 3. HP: 33/33 MP: 4/4
   295 | D:3      | Reached skill level 1 in Armour
   337 | D:3      | Found a blossoming altar of Fedhas.
   400 | D:3      | Reached XP level 4. HP: 40/40 MP: 5/5
   545 | D:2      | Reached XP level 5. HP: 14/46 MP: 6/6
   664 | D:3      | Found a white marble altar of Elyvilon.
   747 | D:4      | Noticed a black bear
   759 | D:4      | Killed a black bear
   760 | D:4      | Reached skill level 5 in Long Blades
   760 | D:4      | Reached skill level 5 in Dodging
   760 | D:4      | Reached XP level 6. HP: 30/53 MP: 7/7
   780 | D:4      | Found a staircase to the Ecumenical Temple.
   790 | Temple   | Entered the Ecumenical Temple
   803 | Temple   | Became a worshipper of Uskayaw the Reveller
   803 | Temple   | Reached * piety under Uskayaw
   865 | D:4      | Reached ** piety under Uskayaw
   866 | D:4      | HP: 1/53 [orc/+0 dagger (4)]
   867 | D:4      | Slain by an orc

Illustrated notes

Levels and vault maps discovered:
D:1:      minmay_arrival_plants_in_alcoves, layout_loops_ring
D:2:      layout_loops_corners
D:3:      layout_basic, fedhas_altar_fruit_tree, elyvilon_altar_4
D:4:      layout_rooms, xom_redecorated, minmay_temple_entry_antechambers,
          gup_sewer_entry_bowl, nicolae_goblin_pals, uniq_menkaure, uniq_edmund
Temple:   regret_index_temple_waves

Skill      XL: |  1  2  3  4  5 |
---------------+----------------+-----
Long Blades    | 4 5 |  5.0
Dodging        | 4 5 |  5.0
Armour         | 1 2 |  2.7
Fighting       | 4 |  4.5
Invocations    | |  0.2

Action                     |  1- 3 |  4- 6 || total
---------------------------+-------+-------++-------
  Melee: Falchion          |    40 |    63 ||   103
    Use: Potion            |       |     1 ||     1
 Armour: Robe              |    11 |    20 ||    31
  Dodge: Dodged            |    14 |    46 ||    60

Table legend: (Time is in decaauts)
 A = Elapsed time spent in this place.
 B = Non-inter-level travel time spent in this place.
 C = Inter-level travel time spent in this place.
 D = Time resting spent in this place.
 E = Time spent auto-exploring this place.
 F = Levels seen in this place.
 G = Mean time per level.
                   A        B        C        D        E       F      G
               +--------+--------+--------+--------+--------+-----+--------+
         Total |    873 |    829 |     44 |      0 |      0 |   5 |  174.6 |
       Dungeon |    846 |    802 |     44 |      0 |      0 |   4 |  211.5 |
        Temple |     26 |     26 |      0 |      0 |      0 |   1 |   26.0 |
               +--------+--------+--------+--------+--------+-----+--------+

Top non-repeatable levels by time:
     D:3: 287 daAuts
     D:2: 264 daAuts
     D:1: 193 daAuts
     D:4: 101 daAuts
  Temple: 26 daAuts
